 Dungeon Sprint DCSS version 0.17-a0-1515-gfae3d72 (webtiles) character file.

16343 Kidiri the Unseen (level 12, -44/51 HPs)
             Began as a Spriggan Enchanter on July 12, 2015.
             Was the Champion of Dithmenos.
             Killed from afar by a deep elf annihilator (49 damage)
             ... with a bolt of lightning
             ... in the Dungeon (Sprint III: "The Ten Rune Challenge").
             The game lasted 00:25:57 (2767 turns).

Kidiri the Unseen (Spriggan Enchanter)              Turns: 2767, Time: 00:25:57

Health: -44/51     AC:  3    Str:  4      XL:     12   Next: 9%
Magic:  12/32      EV: 33    Int: 18 (19) God:    Dithmenos [******]
Gold:   5413       SH:  0    Dex: 19      Spells: 10 memorised, 12 levels left

rFire  . . .     SeeInvis +     a - +1 dagger
rCold  . . .     Clarity  .     b - +1 robe
rNeg   . . .     SustAt   .     (shield restricted)
rPois  .         Gourm    .     (helmet restricted)
rElec  .         Spirit   .     (no cloak)
rCorr  .         Warding  .     (gloves unavailable)
rMut   .         NoTele   +     (boots unavailable)
MR     ++...                    (no amulet)
Stlth  ++++++++++               (no ring)
                                (no ring)

@: very slightly contaminated, wreathed by umbra, very quick, very resistant to
hostile enchantments, uncannily stealthy
A: unfitting armour, horns 1, repulsion field 1, see invisible, deterioration 1,
herbivore 3, speed 3, slow metabolism 2
a: Shadow Step, Shadow Form, Renounce Religion


You were in the Dungeon.
You worshipped Dithmenos.
Dithmenos was exalted by your worship.
You were completely stuffed.

You visited 1 branch You collected 5413 gold pieces.

Inventory:

Hand weapons
 a - a +1 dagger (weapon)
Armour
 b - a +1 robe (worn)
Magical devices
 k - a wand of polymorph (21)
 n - a wand of invisibility (3)
Scrolls
 o - 3 scrolls of remove curse
Potions
 e - a potion of curing
 g - a potion of haste
 h - a potion of magic
 i - 3 potions of berserk rage
 m - a potion of might
 q - 4 potions of cure mutation
 r - 4 potions of flight
Books
 c - a book of Maledictions

   Spells                             Type                      Level
   a - Corona                         Hexes                        1
   b - Ensorcelled Hibernation        Hexes/Ice                    2
   c - Confuse                        Hexes                        3
   d - Tukima's Dance                 Hexes                        3
   e - Dazzling Spray                 Conjuration/Hexes            3
 l - a book of Geomancy

   Spells                             Type                      Level
   a - Sandblast                      Earth                        1
   b - Stoneskin                      Transmutation/Earth          2
   c - Passwall                       Transmutation/Earth          3
   d - Stone Arrow                    Conjuration/Earth            3
   e - Petrify                        Transmutation/Earth          4
   f - Lee's Rapid Deconstruction     Earth                        5
Comestibles
 d - a bread ration
 p - 25 royal jellies


   Skills:
 + Level 10.6 Short Blades
 + Level 13.4 Dodging
 * Level 19.4 Stealth
 * Level 15.3 Spellcasting
 + Level 6.8 Conjurations
 + Level 12.0 Hexes
 + Level 10.8 Transmutations
 + Level 7.7 Ice Magic
 + Level 7.3 Earth Magic
 + Level 8.7 Invocations


You had 12 spell levels left.
You knew the following spells:

 Your Spells              Type           Power        Failure   Level  Hunger
a - Corona                Hex            ######.      1%          1    None
b - Ensorcelled Hibernat  Hex/Ice        #####.       1%          2    None
c - Confuse               Hex            ######..     1%          3    None
d - Tukima's Dance        Hex            ######..     1%          3    None
e - Dazzling Spray        Conj/Hex       #####...     1%          3    None
f - Passwall              Trmt/Erth      #####.....   1%          3    None
g - Stone Arrow           Conj/Erth      #####.       1%          3    None
h - Petrify               Trmt/Erth      #####...     1%          4    None
i - Lee's Rapid Deconstr  Erth           #####.....   8%          5    ####...
j - Stoneskin             Trmt/Erth      #####...     1%          2    None


Dungeon Overview and Level Annotations

Branches:
Dungeon (1/1)

Altars:
Cheibriados
Dithmenos
Elyvilon
Fedhas
Gozag
Kikubaaqudgha
Makhleb
Nemelex Xobeh
Okawaru
Qazlal
Ru
Sif Muna
Trog
Vehumet
Xom
Yredelemnul
Zin
The Shining One
Beogh
Jiyva
Lugonu

Shops:
D }


Innate Abilities, Weirdness & Mutations

You are tiny and cannot use many weapons and most armour.
You have supernaturally acute eyesight.
You are a herbivore.
You cover ground extremely quickly.
You need consume almost no food.
You have a pair of small horns on your head.
You are surrounded by a mild repulsion field (EV +2).
Your body sometimes deteriorates upon taking damage.


Message History

There is an open door to the Orcish Mines here.
The deep elf annihilator casts a spell at you.
The iron shot misses you.
Things that are here:
a trident; a chain mail You close the door.
You start resting.
A deep elf annihilator opens the door.
It is wielding a staff of cold.
Unknown command.
Casting: Dazzling Spray
Confirm with . or Enter, or press ? or * to list all spells.
Aiming: Dazzling Spray
Press: ? - help, Shift-Dir - straight line, f/p - deep elf annihilator
Aim: a deep elf annihilator, wielding a staff of cold, wearing an embroidered robe and wearing a glowing garnet ring (black smoke, moderately wounded, umbra)
The spray of energy hits the deep elf annihilator.
The deep elf annihilator is heavily wounded.
The deep elf annihilator casts a spell at you.
The bolt of lightning hits you!
Ouch! That really hurt!
You die...

▓▓▓ ▓▓▓▓▓▓▓▓▓ ♣.############
#.##.##§#######
♣.#___#__[#__####...##§§§.#...#
♣♣.#)..#)..#._#.......§e##)#...#
♣♣..###+#+###+##..)....§§##.)...≈
♣♣..#..........#.....))).##.))..#
♣.♣.'.⌠........#)#.#.#_∩#.#.....#
≈♣♣.#...######'#@###.#.#.########
....#.⌠.#__#...#'################
....#...#__#...#.e≈≈≈+.#.+...+.#.
....#+###__#...#.#§≈§#.#.#...##.#
....#.))#__#...'.#§§.#.#.#)..#.#.
....#___#_.+...#.#§§§#...#)).##.#
▓▓▓▓▓▓▓▓▓▓▓▓▓▓▓▓▓▓▓▓▓▓▓▓▓▓▓▓▓#.#.
♣.....♣♣♣♣≈≈≈........≈≈≈...##.#
♣.≈≈≈≈+♣♣+♣≈≈≈≈≈≈≈≈≈≈≈≈♣♣P.+.#.


You could see a deep elf annihilator.

Vanquished Creatures
  Sigmund (D)
  Maud (D)
  A centaur warrior (D)
  Erica (D)
  A deep elf knight (D)
  2 unseen horrors (D)
  4 deep elf summoners (D)
  A lindwurm (D)
  2 spiny frogs (D)
  Edmund (D)
  A komodo dragon (D)
  3 wandering mushrooms (D)
  A deep elf priest (D)
  A fire drake (D)
  A queen bee (D)
  3 orc high priests (D)
  A shadow (D)
  3 redbacks (D)
  A spatial vortex (D)
  2 orc warriors (D)
  A necrophage (D)
  A swamp drake (D)
  2 centaurs (D)
  An earth elemental (D)
  2 brain worms (D)
  A water elemental (D)
  32 killer bees (D)
  A jelly (D)
  4 orc priests (D)
  3 orc wizards (D)
  Jessica (D)
  A necromancer (D)
  A wizard (D)
  3 humans (D)
  A kobold demonologist (D)
  An ooze (D)
  A phantom (D)
  8 orcs (D)
  2 rats (D)
  A plant (D)
100 creatures vanquished.

Vanquished Creatures (collateral kills)
  2 orcs (D)
2 creatures vanquished.

Vanquished Creatures (others)
  2 draconian scorchers (D)
  A yaktaur (D)
  2 fire drakes (D)
  A plant (D)
6 creatures vanquished.

Grand Total: 108 creatures vanquished

Notes
Turn   | Place    | Note
--------------------------------------------------------------
     0 | D        | Kidiri the Spriggan Enchanter began the quest for the Orb.
     0 | D        | Reached XP level 1. HP: 9/9 MP: 5/5
    17 | D        | Reached skill level 5 in Stealth
    69 | D        | Killed a yaktaur
   252 | D        | Killed a white draconian scorcher
   276 | D        | Killed a white draconian scorcher
   285 | D        | Noticed Jessica
   294 | D        | Killed Jessica
   294 | D        | Reached skill level 7 in Stealth
   294 | D        | Reached XP level 2. HP: 11/13 MP: 6/8
   294 | D        | Reached XP level 3. HP: 13/16 MP: 6/9
   308 | D        | Learned a level 2 spell: Ensorcelled Hibernation
   312 | D        | Learned a level 3 spell: Confuse
   316 | D        | Learned a level 3 spell: Tukima's Dance
   338 | D        | Killed a fire drake
   397 | D        | Reached skill level 5 in Dodging
   572 | D        | Gained mutation: You are surrounded by a mild repulsion field (EV +2). [potion of mutation]
   572 | D        | Gained mutation: You have a pair of small horns on your head. [potion of mutation]
   572 | D        | Gained mutation: You evolve. [potion of mutation]
   573 | D        | Gained mutation: Your body sometimes deteriorates upon taking damage. [potion of mutation]
   573 | D        | Lost mutation: You evolve. [potion of mutation]
   605 | D        | Noticed a water elemental
   608 | D        | Killed a water elemental
   608 | D        | Reached skill level 8 in Stealth
   608 | D        | Reached skill level 5 in Spellcasting
   608 | D        | Reached skill level 5 in Hexes
   608 | D        | Reached skill level 1 in Ice Magic
   608 | D        | Reached XP level 4. HP: 21/21 MP: 10/12
   613 | D        | Learned a level 3 spell: Dazzling Spray
   622 | D        | Noticed a jelly
   623 | D        | Noticed a shadow
   625 | D        | Killed a shadow
   625 | D        | Reached skill level 5 in Short Blades
   625 | D        | Reached skill level 10 in Stealth
   625 | D        | Reached skill level 1 in Conjurations
   625 | D        | Reached XP level 5. HP: 24/24 MP: 12/16
   625 | D        | Reached XP level 6. HP: 28/28 MP: 12/17
   629 | D        | Killed a jelly
   629 | D        | Reached skill level 11 in Stealth
   657 | D        | Found a stormy altar of Qazlal.
   657 | D        | Found a sacrificial altar of Ru.
   657 | D        | Found a burning altar of Makhleb.
   657 | D        | Found a shimmering altar of Xom.
   657 | D        | Noticed a spatial vortex
   658 | D        | Found a viscous altar of Jiyva.
   658 | D        | Found a shadowy altar of Dithmenos.
   658 | D        | Found a sparkling altar of Nemelex Xobeh.
   658 | D        | Found a corrupted altar of Lugonu.
   658 | D        | Found an opulent altar of Gozag.
   674 | D        | Became a worshipper of Dithmenos the Shadowed
   683 | D        | Killed a spatial vortex
   683 | D        | Reached skill level 1 in Invocations
   707 | D        | Found a radiant altar of Vehumet.
   708 | D        | Found a deep blue altar of Sif Muna.
   708 | D        | Found an ancient bone altar of Kikubaaqudgha.
   708 | D        | Noticed a wizard
   709 | D        | Killed a wizard
   719 | D        | Learned a level 3 spell: Passwall
   723 | D        | Learned a level 3 spell: Stone Arrow
   728 | D        | Learned a level 4 spell: Petrify
   740 | D        | Found a glowing silver altar of Zin.
   741 | D        | Found a glowing golden altar of the Shining One.
   741 | D        | Found a white marble altar of Elyvilon.
   741 | D        | Noticed a deep elf priest
   743 | D        | Killed a deep elf priest
   743 | D        | Reached skill level 12 in Stealth
   743 | D        | Reached skill level 1 in Earth Magic
   743 | D        | Reached XP level 7. HP: 32/32 MP: 18/20
   751 | D        | Found an iron altar of Okawaru.
   751 | D        | Found a bloodstained altar of Trog.
   751 | D        | Noticed a human
   751 | D        | Noticed a human
   754 | D        | Killed a human
   757 | D        | Killed a human
   757 | D        | Acquired Dithmenos's first power
   757 | D        | Reached skill level 13 in Stealth
   803 | D        | Found a basalt altar of Yredelemnul.
   803 | D        | Found a snail-covered altar of Cheibriados.
   803 | D        | Found a blossoming altar of Fedhas.
   803 | D        | Noticed a necrophage
   803 | D        | Noticed a necromancer
   805 | D        | Killed a necrophage
   805 | D        | Reached XP level 8. HP: 36/36 MP: 22/22
   806 | D        | Killed a necromancer
   833 | D        | Noticed Erica
   835 | D        | Killed Erica
   835 | D        | Reached skill level 14 in Stealth
   835 | D        | Reached skill level 10 in Spellcasting
   843 | D        | Learned a level 5 spell: Lee's Rapid Deconstruction
   849 | D        | Noticed an earth elemental
   990 | D        | Killed a fire drake
  1015 | D        | Killed an earth elemental
  1129 | D        | Noticed a centaur
  1129 | D        | Noticed a centaur warrior
  1129 | D        | Noticed a centaur
  1131 | D        | Killed a centaur
  1131 | D        | Acquired Dithmenos's second power
  1131 | D        | Reached skill level 5 in Transmutations
  1133 | D        | Killed a centaur warrior
  1133 | D        | Reached skill level 10 in Dodging
  1133 | D        | Reached skill level 5 in Ice Magic
  1133 | D        | Reached XP level 9. HP: 39/39 MP: 23/25
  1134 | D        | Killed a centaur
  1134 | D        | Reached skill level 5 in Invocations
  1138 | D        | Learned a level 2 spell: Stoneskin
  1154 | D        | Noticed an unseen horror
  1154 | D        | Noticed an unseen horror
  1155 | D        | Killed an unseen horror
  1155 | D        | Reached skill level 15 in Stealth
  1157 | D        | Killed an unseen horror
  1157 | D        | Acquired Dithmenos's third power
  1167 | D        | Noticed a killer bee
  1167 | D        | Noticed a killer bee
  1167 | D        | Noticed a killer bee
  1167 | D        | Noticed a killer bee
  1167 | D        | Noticed a killer bee
  1167 | D        | Noticed a killer bee
  1167 | D        | Noticed a killer bee
  1167 | D        | Noticed a killer bee
  1167 | D        | Noticed a killer bee
  1167 | D        | Noticed a killer bee
  1167 | D        | Noticed a killer bee
  1167 | D        | Noticed a queen bee
  1167 | D        | Noticed a killer bee
  1167 | D        | Noticed a killer bee
  1167 | D        | Noticed a killer bee
  1168 | D        | Noticed a killer bee
  1168 | D        | Noticed a killer bee
  1168 | D        | Noticed a killer bee
  1168 | D        | Noticed a killer bee
  1168 | D        | Noticed a killer bee
  1168 | D        | Noticed a killer bee
  1168 | D        | Noticed a killer bee
  1168 | D        | Noticed a killer bee
  1168 | D        | Noticed a killer bee
  1168 | D        | Noticed a killer bee
  1168 | D        | Noticed a killer bee
  1168 | D        | Noticed a killer bee
  1168 | D        | Noticed a killer bee
  1168 | D        | Noticed a killer bee
  1168 | D        | Noticed a killer bee
  1168 | D        | Noticed a killer bee
  1168 | D        | Noticed a killer bee
  1168 | D        | Noticed a killer bee
  1173 | D        | Killed a killer bee
  1177 | D        | Killed a killer bee
  1179 | D        | Killed a killer bee
  1181 | D        | Killed a killer bee
  1183 | D        | Killed a killer bee
  1185 | D        | Killed a killer bee
  1185 | D        | Acquired Dithmenos's fourth power
  1185 | D        | Reached XP level 10. HP: 41/44 MP: 12/27
  1187 | D        | Killed a killer bee
  1191 | D        | Killed a killer bee
  1193 | D        | Killed a killer bee
  1195 | D        | Killed a killer bee
  1197 | D        | Killed a killer bee
  1344 | D        | Killed a killer bee
  1345 | D        | Killed a killer bee
  1347 | D        | Killed a killer bee
  1350 | D        | Killed a killer bee
  1352 | D        | Killed a killer bee
  1354 | D        | Killed a killer bee
  1356 | D        | Killed a killer bee
  1356 | D        | Reached skill level 16 in Stealth
  1358 | D        | Killed a killer bee
  1360 | D        | Killed a killer bee
  1362 | D        | Killed a killer bee
  1365 | D        | Killed a killer bee
  1367 | D        | Killed a killer bee
  1369 | D        | Killed a killer bee
  1508 | D        | Killed a killer bee
  1510 | D        | Killed a killer bee
  1510 | D        | Reached skill level 5 in Conjurations
  1512 | D        | Killed a killer bee
  1514 | D        | Killed a killer bee
  1514 | D        | Reached skill level 10 in Hexes
  1516 | D        | Killed a killer bee
  1519 | D        | Killed a killer bee
  1525 | D        | Killed a killer bee
  1527 | D        | Killed a killer bee
  1529 | D        | Killed a queen bee
  1621 | D        | Noticed Sigmund
  1621 | D        | Noticed Edmund
  1623 | D        | Killed Sigmund
  1623 | D        | Reached skill level 17 in Stealth
  1623 | D        | Reached skill level 5 in Earth Magic
  1623 | D        | Reached XP level 11. HP: 47/47 MP: 13/29
  1628 | D        | Killed Edmund
  1727 | D        | Noticed an orc high priest
  1727 | D        | Noticed an orc high priest
  1728 | D        | Noticed an orc priest
  1728 | D        | Noticed an orc high priest
  1729 | D        | Killed an orc high priest
  1730 | D        | Killed an orc high priest
  1732 | D        | Killed an orc high priest
  1733 | D        | Killed an orc priest
  1846 | D        | Noticed a wandering mushroom
  1847 | D        | Noticed a wandering mushroom
  1847 | D        | Noticed a wandering mushroom
  1848 | D        | Killed a wandering mushroom
  1848 | D        | Reached skill level 18 in Stealth
  1850 | D        | Killed a wandering mushroom
  1851 | D        | Killed a wandering mushroom
  1886 | D        | Noticed a spiny frog
  1886 | D        | Noticed a komodo dragon
  1886 | D        | Noticed a spiny frog
  1890 | D        | Killed a spiny frog
  1895 | D        | Killed a spiny frog
  1898 | D        | Killed a komodo dragon
  2040 | D        | Noticed a redback
  2042 | D        | Killed a redback
  2043 | D        | Noticed a brain worm
  2046 | D        | Killed a brain worm
  2049 | D        | Noticed a brain worm
  2051 | D        | Killed a brain worm
  2057 | D        | Noticed a lindwurm
  2059 | D        | Noticed a redback
  2060 | D        | Killed a lindwurm
  2060 | D        | Reached skill level 10 in Short Blades
  2062 | D        | Killed a redback
  2167 | D        | Noticed a redback
  2168 | D        | Killed a redback
  2169 | D        | Noticed Maud
  2171 | D        | Killed Maud
  2171 | D        | Reached skill level 10 in Transmutations
  2202 | D        | Noticed a swamp drake
  2202 | D        | Noticed a fire drake
  2203 | D        | Killed a fire drake
  2205 | D        | Killed a swamp drake
  2278 | D        | Found a roughly hewn altar of Beogh.
  2278 | D        | Found Vyupush's Gadget Shop.
  2278 | D        | Noticed an orc wizard
  2278 | D        | Noticed an orc warrior
  2278 | D        | Noticed an orc priest
  2278 | D        | Noticed an orc priest
  2278 | D        | Noticed an orc wizard
  2278 | D        | Noticed an orc warrior
  2278 | D        | Noticed an orc wizard
  2278 | D        | Noticed an orc priest
  2278 | D        | Killed an orc priest
  2281 | D        | Killed an orc priest
  2282 | D        | Killed an orc priest
  2284 | D        | Killed an orc wizard
  2287 | D        | Killed an orc wizard
  2292 | D        | Killed an orc warrior
  2294 | D        | Killed an orc wizard
  2357 | D        | Killed an orc warrior
  2638 | D        | Noticed a deep elf summoner
  2638 | D        | Noticed a deep elf summoner
  2638 | D        | Noticed a deep elf summoner
  2638 | D        | Noticed a deep elf summoner
  2638 | D        | Noticed a deep elf knight
  2646 | D        | Killed a deep elf summoner
  2646 | D        | Reached skill level 19 in Stealth
  2646 | D        | Reached skill level 15 in Spellcasting
  2646 | D        | Killed a deep elf summoner
  2648 | D        | Killed a deep elf summoner
  2648 | D        | Reached XP level 12. HP: 51/51 MP: 8/32
  2649 | D        | Killed a deep elf knight
  2650 | D        | Killed a deep elf summoner
  2725 | D        | Noticed a deep elf annihilator
  2744 | D        | HP: 2/51 [deep elf annihilator/crystal spear (49)]
  2767 | D        | Killed from afar by a deep elf annihilator

Vault maps used:
D:        dungeon_sprint_mu

Action                   |  1- 3 |  4- 6 |  7- 9 | 10-12 || total
-------------------------+-------+-------+-------+-------++-------
Melee: Dagger            |    16 |    23 |    53 |   140 ||   232
       Unarmed           |     8 |       |       |       ||     8
 Cast: Corona            |     2 |       |       |       ||     2
       Ensorcelled Hiber |     1 |       |    11 |    44 ||    56
       Dazzling Spray    |       |       |    10 |    13 ||    23
       Stone Arrow       |       |       |    10 |     1 ||    11
       Lee's Rapid Decon |       |       |       |     5 ||     5
       Tukima's Dance    |       |       |       |     3 ||     3
       Passwall          |       |       |       |     2 ||     2
       Confuse           |       |       |       |     1 ||     1
Invok: Shadow Step       |       |       |       |     6 ||     6
Evoke: Wand              |       |       |     1 |       ||     1
  Use: Scroll            |     4 |       |       |     1 ||     5
       Potion            |     2 |       |     1 |     1 ||     4
 Stab: Sleeping          |     4 |     5 |    16 |    49 ||    74
       Invisible         |       |       |       |     3 ||     3
       Confused          |       |       |       |     1 ||     1
  Eat: Royal jelly       |       |       |       |     5 ||     5
